Unix xNetHack Version 8.0.0 - last build Jan 14 2024 16:46:22 (be4d3c81716514284228e1a23197c27ddb32b841). Game began 2024-03-10 18:06:46, ended 2024-03-10 21:14:46. Okoto, lawful male human Samurai ----- ---.|.-- |......| ---- |......-- |..| |.^G...>| |[.| --.--...-----.| -.|---du@.||.| ..| ----.||.-- ---- |.--.<| |.....- -----....| -....| ...-- ...| ...- ..... ..... ...... ....... .--.--. -- -- -- Okoto the Ronin St:15 Dx:15 Co:18 In:11 Wi:9 Ch:7 Lawful S:706 Dlvl:5 $:104 HP:0(40) Pw:14(14) AC:0 Xp:4/98 T:2041 Burdened Deaf Latest messages: There is a gnome corpse here; eat it? [ynq] (n) y This gnome corpse tastes gamey. You finish eating the gnome corpse. You swap places with Hachi. You swap places with Hachi. You are momentarily blinded by a flash of light! You hear a deafening roar! It pierces you! It misses! It bites! Wait! There's something there you can't see! It kicks! Your splint mail blocks its attack. You attack thin air. It kicks! It bites! It misses! It bites! It kicks! It bites! Wait! There's something there you can't see! Your splint mail blocks its attack. It bites! It kicks! It bites! It kicks! It misses! You can see again. You miss the pony. The pony just misses! Your pair of platinum dwarvish boots deflects the pony's attack. You miss the pony. The pony misses! The pony bites! The gnome picks up a crude dagger. You swap places with Hachi. You lacerate the pony. The pony kicks! The pony just misses! You miss the pony. The pony misses! The pony misses! Hachi bites the pony. The pony kicks! You die... Do you want your possessions identified? [ynq] (y) n Do you want to see your attributes? [ynq] (y) n Do you want an account of creatures vanquished? [ynaq] (y) n Do you want to see your conduct and achievements? [ynq] (y) n Do you want to see the dungeon overview? [ynq] (y) n Inventory: Inventory: 1025/875 weight (46/52 slots) Coins $ - 104 gold pieces {1} Weapons d - 41 +0 ya (in quiver) {41} b - a +0 yumi {30} v - 3 +0 darts {3} W - a blessed +0 dagger {10} k - a +0 katana (weapon in hand) {40} r - a cursed -1 mace {30} F - a +0 nunchaku {15} c - a +0 wakizashi (alternate weapon; not wielded) {30} Armor P - an uncursed +0 orcish helm (being worn) {23} X - an uncursed +0 pair of platinum dwarvish boots (being worn) {57} Y - a blessed +2 dwarvish cloak (being worn) {8} e - an uncursed rustproof +0 splint mail (being worn) {300} Comestibles L - 3 uncursed slime molds {15} u - an uncursed apple {2} y - an uncursed fortune cookie {1} K - an uncursed tripe ration {10} Scrolls J - an uncursed scroll of charging {5} z - an uncursed scroll of confuse monster {5} M - a blessed scroll of destroy armor {5} i - an uncursed scroll of enchant armor {5} G - an uncursed scroll of light {5} R - an uncursed scroll of remove curse {5} o - an uncursed scroll of teleportation {5} Spellbooks I - an uncursed spellbook of levitation {50} Potions A - an uncursed potion of acid {20} j - an uncursed potion of hallucination {20} q - a blessed potion of healing {20} x - an uncursed potion of levitation {20} S - an uncursed potion of object detection {20} p - an uncursed potion of oil {20} l - an uncursed potion of sickness {20} g - a cursed potion of sleeping {20} N - an uncursed potion of water {20} Rings B - a blessed +1 ring of gain strength {3} C - a cursed ring of protection from shape changers {3} Wands a - a wand of slow monster (0:4) {7} s - a wand of striking (0:8) {7} Tools E - an empty uncursed bag of holding {15} f - an uncursed blindfold {2} h - a +0 pick-axe {100} m - a cursed tallow candle {2} Gems/Stones n - a cursed worthless piece of black glass {1} D - an uncursed worthless piece of green glass {1} O - an uncursed worthless piece of red glass {1} Q - an uncursed worthless piece of yellow glass {1} T - an uncursed worthless piece of yellowish brown glass {1} Okoto the Samurai's attributes: Background: You were a Ronin, a level 4 male human Samurai. You were lawful, on a mission for Amaterasu Omikami who was opposed by Raijin (neutral) and Susanowo (chaotic). You were heterosexual. You were in the Gnomish Mines, on level 5. You entered the dungeon 2041 turns ago. There was a new moon in effect when your adventure ended. You had 98 experience points, 62 more were needed to attain level 5. Your score was 706 before end-of-game adjustments. Basics: You had 0 out of 40 hit points. You had all 14 energy points (spell power). Your armor class was 0. Your wallet contained 104 zorkmids. Autopickup was off. Final Characteristics: Your strength was 15 (limit:18/100). Your dexterity was 15 (limit:18). Your constitution was 18 (limit:18). Your intelligence was 11 (limit:18). Your wisdom was 9 (limit:18). Your charisma was 7 (limit:18). Final Status: You were deaf. You were not hungry. You were burdened; movement was slightly slowed. You were wielding a long sword. You had basic skill with long sword. Final Attributes: You were devoutly aligned. You were warded. You were fast. You are dead. Miscellaneous: You never encountered a bones level. Total elapsed playing time was 1 hour, 13 minutes and 53 seconds. Major events: Turn 1: Okoto the lawful male human Samurai entered the dungeon 566: attained the rank of Ronin (level 3) 1911: entered the Gnomish Mines 2041: killed by a pony Vanquished creatures: a dwarf an iguana a hobbit 2 hobgoblins 2 giant rats 2 yellow molds a red mold 6 gnomes 2 geckos 3 jackals 2 kobolds 5 goblins 3 sewer rats 3 grid bugs a kobold zombie 5 newts 40 creatures vanquished. No species were genocided or became extinct. Voluntary challenges: You read items or engraved 1 time. You never genocided any monsters. You never polymorphed an object. You never changed form. You never touched an artifact. You used no wishes. You never scared an enemy with impunity. You were celibate. You never generated conflict. Achievements: You attained the rank of Ronin. You entered the Gnomish Mines. Dungeon overview: The Dungeons of Doom: levels 1 to 5 Level 1: A fountain, a tree. Level 2: A fountain. Level 3: A fountain. Level 4: Some fountains. Stairs down to The Gnomish Mines. Level 5: The Gnomish Mines: Level 5: <- You were here. Final resting place for you, killed by a pony. Game over: __________ / \ / REST \ / IN \ / PEACE \ / \ | Okoto | | 104 Au | | killed by a pony | | | | | | | | 2024 | *| * * * | * _________)/\\_//(\/(/\)/\//\/|_)_______ Sayonara Okoto the Samurai... You died in The Gnomish Mines on dungeon level 5 with 696 points, and 104 pieces of gold, after 2041 moves. You were level 4 with a maximum of 40 hit points when you died.